 Dungeon Crawl Stone Soup version 0.29.0-7-g18a832c13a (webtiles) character file.

Game seed: 10026961815864854392

886 gelatine the Ruffian (level 7, -1/66 HPs)
             Began as a Troll Warper on Aug 31, 2022.
             Was a Follower of Okawaru.
             Slain by Prince Ribbit (14 damage)
             ... on level 5 of the Dungeon.
             The game lasted 00:15:33 (3144 turns).

gelatine the Ruffian (Troll Warper)                 Turns: 3144, Time: 00:15:34

Health: -1/66      AC:  7    Str: 20    XL:     7   Next: 77%
Magic:  8/8        EV: 10    Int: 11    God:    Okawaru [*.....]
Gold:   150        SH:  0    Dex:  9    Spells: 6/8 levels left

rFire   . . .      SeeInvis +   E - +1 giant club
rCold   . . .      Faith    .   (shield currently unavailable)
rNeg    + . .      Spirit   .   t - +2 robe {rN+}
rPois   .          Reflect  .   (helmet restricted)
rElec   .          Harm     .   o - +0 cloak
rCorr   .          Rampage  .   (gloves unavailable)
Will    .....                   (boots unavailable)
Stlth   +.........              (no amulet)
HPRegen 1.01/turn               n - ring of see invisible
MPRegen 0.11/turn               y - ring of flight

@: flying
A: large, unfitting armour, claws 3, regeneration 1, shaggy fur 1, tough skin 1
a: Renounce Religion, Heroism


You were on level 5 of the Dungeon.
You worshipped Okawaru.
Okawaru was aware of your devotion.
You visited 2 branches of the dungeon, and saw 6 of its levels.

You collected 344 gold pieces.
You spent 194 gold pieces at shops.

Inventory:

Hand Weapons
 w - a +2 whip of draining
 B - a +0 longbow
 E - a +1 giant club (weapon)
Armour
 a - a +0 robe
 o - a +0 cloak (worn)
 t - a +2 robe of positive energy (worn)
 F - a +0 tower shield
Magical Staves
 r - a staff of air
Jewellery
 n - a ring of see invisible (left claw)
 v - a ring of resist corrosion
 y - a ring of flight (right claw)
Wands
 x - a wand of light (8)
Scrolls
 b - a scroll of blinking
 d - a scroll of immolation
 g - a scroll of noise
 h - a scroll of enchant weapon
 i - 2 scrolls of poison
 k - a scroll of acquirement
 m - a scroll of vulnerability
 p - 2 scrolls of amnesia
 q - 2 scrolls of enchant armour {unknown}
 z - 2 scrolls of teleportation {unknown}
 C - a scroll of silence {unknown}
 D - a scroll of summoning {unknown}
Potions
 c - a potion of might {unknown}
 e - 2 potions of curing {unknown}
 f - a potion of attraction {unknown}
 j - a potion of magic {unknown}
 l - 2 potions of flight {unknown}
 s - 3 potions of berserk rage {unknown}
 u - a potion of haste {unknown}
 A - 2 potions of brilliance {unknown}


   Skills:
 + Level 2.3 Fighting
 + Level 1.4 Maces & Flails
 + Level 2.1 Ranged Weapons
 + Level 1.0 Throwing
 + Level 3.5 Dodging
 + Level 0.4 Stealth
 + Level 5.2 Unarmed Combat
 + Level 1.3 Spellcasting
 * Level 3.7 Translocations
 * Level 0.4 Invocations


You had 6 spell levels left.
You knew the following spells:

 Your Spells              Type           Power      Damage    Failure   Level
a - Blink                 Tloc           16%        N/A       11%         2

Your spell library contained the following spells:

 Spells                   Type           Power      Damage    Failure   Level
 Apportation              Tloc           16%        N/A       7%          1
 Gell's Gravitas          Tloc           8%         N/A       21%         3
 Lesser Beckoning         Tloc           8%         N/A       21%         3
 Teleport Other           Tloc           8%         N/A       21%         3
 Necrotise                Necr           0%         1d4       30%         1
 Manifold Assault         Tloc           8%         N/A       88%         5
 Orb of Destruction       Conj           0%         9d5       100%        7
 Summon Small Mammal      Summ           Unusable   N/A       N/A         1
 Summon Guardian Golem    Hex/Summ       Unusable   N/A       N/A         3
 Spellforged Servitor     Conj/Summ      Unusable   N/A       N/A         7

Dungeon Overview and Level Annotations

Branches:
Dungeon (5/15)             Temple (1/1) D:4

Altars:
Ashenzari
Cheibriados
Dithmenos
Elyvilon
Fedhas
Okawaru
Qazlal
Sif Muna
Vehumet
Wu Jian
Xom
Yredelemnul
Zin
The Shining One

Shops:
D:1 [   D:5 *

Annotations:
D:5 Prince Ribbit


Innate Abilities, Weirdness & Mutations

You are too large for most types of armour.
You have claws for hands.
Your natural rate of healing is unusually fast.
You are covered in fur. (AC +1)
You have tough skin. (AC +1)


Message History

The black bear is heavily wounded.
The black bear bites you but does no damage.
The black bear barely misses you. The black bear closely misses you. x2
The black bear claws you. x2
You barely miss the black bear.
The black bear is moderately wounded.
The black bear closely misses you.
The black bear claws you but does no damage. x2
The black bear bites you.
The black bear claws you but does no damage. x2
You sock the black bear!
The black bear is almost dead.
The black bear closely misses you. The black bear claws you.
The black bear barely misses you.
You barely miss the black bear.
The black bear is almost dead.
The black bear bites you but does no damage.
The black bear claws you but does no damage. x2
The black bear goes berserk!
You hit the black bear but do no damage.
The black bear is almost dead.
The black bear misses you. The black bear closely misses you.
The black bear barely misses you. x2
The black bear claws you but does no damage.
The black bear claws you.
You sock the black bear!
You kill the black bear!
Okawaru is honoured by your kill.
Your Maces & Flails skill increases to level 1!
You see here a black bear corpse.
Prince Ribbit comes into view.
Prince Ribbit gives a loud, deep croak!
You barely miss Prince Ribbit. Prince Ribbit hits you! x2
You barely miss Prince Ribbit. Prince Ribbit hits you. Prince Ribbit hits you!
* * * LOW HITPOINT WARNING * * *
Prince Ribbit hits you!
* * * LOW HITPOINT WARNING * * *
You miss Prince Ribbit. Prince Ribbit completely misses you.
Prince Ribbit hits you!
You die...

#...##......#..
....###......... ...
.....#..#...##..##..
........##.###.....#
.......).....#.....##
.......#.###........##
.......#.## #........###
..........###...F......#
...........##...@.......
............#...........
............#.#.....##..
##..........###.........
#...........##..........
#............#..........
..................#.....
....#.#.................
....#.#.................


You could see Prince Ribbit.

Vanquished Creatures
  A black bear (D:5)
  A sky beast (D:5)
  2 ogres (D:5)
  2 scorpions
  A crimson imp (D:3)
  A jelly (D:3)
  2 hounds (D:5)
  2 iguanas
  4 gnolls (D:3)
  4 adders
  A white imp (D:5)
  2 ufetubi (D:4)
  A worm (D:2)
  7 dart slugs
  10 orcs
  10 ball pythons
  5 bats
  6 endoplasms
  8 giant cockroaches
  8 goblins
  11 hobgoblins
  5 jackals
  8 kobolds
  3 quokkas
  2 frilled lizards
  A goblin skeleton (D:3)
  2 goblin zombies (D:3)
  3 hobgoblin zombies (D:3)
  A kobold skeleton (D:3)
  2 orc skeletons (D:3)
  7 rats
123 creatures vanquished.

Notes
Turn   | Place    | Note
-------+----------+-------------------------------------------
     0 | D:1      | gelatine the Troll Warper began the quest for the Orb.
     0 | D:1      | Reached XP level 1. HP: 19/19 MP: 1/1
   118 | D:1      | Reached XP level 2. HP: 27/27 MP: 2/2
   132 | D:1      | Found Cyoroigy's Antique Armour Emporium.
   586 | D:1      | Reached XP level 3. HP: 33/33 MP: 4/4
   601 | D:1      | Learned a level 2 spell: Blink
   793 | D:2      | Found a shadowy altar of Dithmenos.
  1021 | D:2      | Found a faded altar of an unknown god.
  1033 | D:2      | Reached skill level 3 in Unarmed Combat
  1033 | D:2      | Reached XP level 4. HP: 42/42 MP: 5/5
  1155 | D:2      | Identified the +6 scale mail "Nudwadam" {+Inv Dex+3}
  1313 | D:1      | Bought a runed robe for 99 gold pieces
  1633 | D:3      | Reached XP level 5. HP: 49/49 MP: 6/6
  1638 | D:3      | Reached skill level 4 in Unarmed Combat
  1969 | D:3      | Found a glowing golden altar of the Shining One.
  2000 | D:3      | Reached skill level 1 in Throwing
  2054 | D:3      | Found a blossoming altar of Fedhas.
  2160 | D:4      | Reached XP level 6. HP: 57/57 MP: 2/7
  2291 | D:4      | Found a staircase to the Ecumenical Temple.
  2300 | Temple   | Entered the Ecumenical Temple
  2395 | Temple   | Became a worshipper of Warmaster Okawaru
  2471 | D:4      | Found a stormy altar of Qazlal.
  2516 | D:4      | Found an ornate altar of the Wu Jian Council.
  2580 | D:4      | Reached skill level 5 in Unarmed Combat
  2768 | D:5      | Entered Level 5 of the Dungeon
  2805 | D:5      | Noticed a sky beast
  2812 | D:5      | Reached skill level 1 in Ranged Weapons
  2817 | D:5      | Killed a sky beast
  2818 | D:5      | Reached XP level 7. HP: 46/65 MP: 5/8
  2870 | D:5      | Reached * piety under Okawaru
  2959 | D:5      | Found Ajyiskyff's Assorted Antiques.
  2980 | D:5      | Bought a scroll labelled SOLOLABILAPH for 33 gold pieces
  2980 | D:5      | Bought a sapphire potion for 29 gold pieces
  2980 | D:5      | Bought a scroll labelled ITWOCO QOXTAO for 33 gold pieces
  2983 | D:5      | Identified a scroll of acquirement
  3123 | D:5      | Reached skill level 1 in Maces & Flails
  3139 | D:5      | Noticed Prince Ribbit
  3144 | D:5      | Slain by Prince Ribbit

Illustrated notes

Levels and vault maps discovered:
D:1:      lightli_arrival_windingriver, layout_basic, serial_shops,
          nicolae_shop_crystal, minmay_tromino_v4_c
D:2:      layout_rooms, ebering_ecumenical_altar_mist, basic_altar
D:3:      minmay_recursive_quarters, layout_rooms, nicolae_tso_besieged_by_evil,
          mainiacjoe_overflow_alcove_4, grunt_ministairs_8
D:4:      layout_basic, nicolae_qazlal_eye_of_the_storm,
          mainiacjoe_overflow_paths, temple_statues,
          hangedman_decor_diamond_cutter
D:5:      layout_cave_pools, general_overflow_altar, serial_shops,
          nicolae_diamond_shop, hangedman_decor_riveting, uniq_prince_ribbit1
Temple:   zaba_magenta_temple

Skill      XL: |  1  2  3  4  5  6  7 |
---------------+----------------------+-----
Dodging        | 2 3 |  3.5
Unarmed Combat | 3 4 5 |  5.2
Throwing       | 1 |  1.0
Fighting       | 2 |  2.3
Translocations | 3 |  3.7
Ranged Weapons | 1 2 |  2.1
Maces & Flails | 1 |  1.4
Stealth        | |  0.4
Spellcasting   | |  1.3
Invocations    | |  0.4

Action                   |  1- 3 |  4- 6 |  7- 9 || total
-------------------------+-------+-------+-------++-------
Melee: Unarmed           |   107 |   174 |     3 ||   284
       Punch             |     2 |     1 |       ||     3
       Giant club        |       |       |    50 ||    50
 Fire: Longbow           |       |    36 |       ||    36
Throw: Boomerang         |       |     7 |       ||     7
 Cast: Blink             |       |     3 |       ||     3
  Use: Scroll            |       |     2 |     5 ||     7
Armor: Robe              |    32 |    90 |    41 ||   163
Dodge: Dodged            |    45 |   110 |    43 ||   198
